 Dungeon Crawl Stone Soup version 0.17.0-28-g6e173f8 (console) character file.

491 Kloppie the Spear-Bearer (level 7, -1/52 HPs)
             Began as a Merfolk Fighter on Nov 30, 2015.
             Was an Initiate of the Shining One.
             Slain by an orc wizard
             ... wielding a +0 dagger
              (4 damage)
             ... on level 4 of the Dungeon.
             The game lasted 00:04:07 (2515 turns).

Kloppie the Spear-Bearer (Merfolk Fighter)          Turns: 2515, Time: 00:04:08

Health: -1/52      AC:  6    Str: 21    XL:     7   Next: 14%
Magic:  7/7        EV:  7    Int:  7    God:    the Shining One [......]
Gold:   65         SH:  9    Dex: 16    Spells: 0 memorised, 6 levels left

rFire  . . .     SeeInvis .     a - +0 trident
rCold  . . .     Clarity  .     b - +0 scale mail
rNeg   . . .     SustAt   .     c - +0 shield
rPois  .         Gourm    .     (no helmet)
rElec  .         Spirit   .     (no cloak)
rCorr  .         Warding  .     (no gloves)
rMut   .         Stasis   .     (no boots)
MR     .....                    (no amulet)
Stlth  ..........               (no ring)
                                (no ring)

@: mighty, not resistant to hostile enchantments, extremely unstealthy
A: change form in water, swift swim
a: Renounce Religion


You were on level 4 of the Dungeon.
You worshipped the Shining One.
The Shining One was noncommittal.
You were hungry.

You visited 1 branch of the dungeon, and saw 4 of its levels.

You collected 65 gold pieces.

Inventory:

Hand Weapons
 a - a +0 trident (weapon)
Armour
 b - a +0 scale mail (worn)
 c - a +0 shield (worn)
Jewellery
 r - an uncursed ring of wizardry {unknown}
 t - a +3 ring of strength {unknown}
 y - an uncursed ring of protection from cold {unknown}
Scrolls
 f - 4 scrolls of remove curse {unknown}
 g - a scroll of enchant armour {unknown}
 j - 2 scrolls of enchant weapon {unknown}
 k - a scroll of blinking {unknown}
 o - 2 scrolls of teleportation {unknown}
 u - a scroll of random uselessness {unknown}
 w - a scroll of amnesia {unknown}
 x - 3 scrolls of identify {unknown}
Potions
 h - a potion of flight {unknown}
 i - 2 potions of haste {unknown}
 l - 4 potions of curing {unknown}
 m - a potion of mutation {unknown}
 p - a potion of degeneration {unknown}
 q - 2 potions of agility {unknown}
 v - a potion of heal wounds {unknown}
Comestibles
 e - a bread ration
 n - 2 beef jerkies
 s - 3 meat rations
 z - a slice of pizza


   Skills:
 - Level 3.2 Fighting
 + Level 10.7 Polearms
 - Level 2.1 Armour
 - Level 3.0 Shields


You had 6 spell levels left.
You didn't know any spells.

Dungeon Overview and Level Annotations

Branches:
Dungeon (4/15)
 Temple: D:4-7

Altars:
Cheibriados
Elyvilon
Makhleb
Trog
Xom
The Shining One

Annotations:
D:2 Sigmund


Message History

The orc wizard mumbles some strange words.
The orc wizard seems to speed up.
The phantom hits you.
* * * LOW HITPOINT WARNING * * *
You puncture the phantom!
The phantom is severely damaged.
You completely miss the phantom.
The phantom is severely damaged.
The phantom completely misses you.
You closely miss the phantom.
The phantom is severely damaged.
The phantom hits you but does no damage.
You puncture the phantom!
The phantom is severely damaged.
The phantom hits you.
* * * LOW HITPOINT WARNING * * *
The phantom blinks!
You puncture the orc wizard!
The orc wizard is almost dead.
The orc wizard hits you with a dagger.
You die...

#.# #.# #. #.# .. ##.##
.# #.####...####.# .#
#.............###
.########...####...#
.#.............###.####
.#.#######.###..@oo...#
.#.#######.# #####.##.#
...........# .#
.)).######## .o .#..#
... .#..# .... .#..#
.##.# .##.. .. .. .#
.##


You could see an orc wizard and an orc.

Vanquished Creatures
  The ghost of Acur the Skirmisher, an amateur OpFi (D:4)
  2 orc priests
  Ijyb (D:2)
  Jessica (D:2)
  3 gnolls (D:3)
  7 adders
  An ooze (D:2)
  3 worms (D:3)
  14 orcs
  4 giant cockroaches
  4 goblins
  7 hobgoblins
  4 jackals (D:1)
  4 kobolds
  A ball python (D:1)
  5 bats
  3 giant geckos
  5 giant newts
  4 rats
74 creatures vanquished.

Notes
Turn   | Place    | Note
--------------------------------------------------------------
     0 | D:1      | Kloppie the Merfolk Fighter began the quest for the Orb.
     0 | D:1      | Reached XP level 1. HP: 18/18 MP: 1/1
   252 | D:1      | Reached skill level 4 in Polearms
   252 | D:1      | Reached XP level 2. HP: 22/24 MP: 2/2
   752 | D:2      | Reached skill level 5 in Polearms
   752 | D:2      | Reached XP level 3. HP: 26/29 MP: 3/3
   911 | D:2      | Noticed Jessica
   926 | D:2      | Killed Jessica
   926 | D:2      | Reached skill level 6 in Polearms
   926 | D:2      | Reached XP level 4. HP: 33/35 MP: 4/4
   987 | D:2      | Found a white marble altar of Elyvilon.
  1031 | D:2      | Noticed Ijyb
  1052 | D:2      | Killed Ijyb
  1052 | D:2      | Reached skill level 7 in Polearms
  1052 | D:2      | Reached XP level 5. HP: 36/41 MP: 5/5
  1196 | D:2      | Noticed Sigmund
  1563 | D:3      | Reached skill level 8 in Polearms
  1830 | D:3      | Found a shimmering altar of Xom.
  1905 | D:3      | Found a burning altar of Makhleb.
  1915 | D:3      | Found a snail-covered altar of Cheibriados.
  2143 | D:3      | Reached XP level 6. HP: 38/47 MP: 6/6
  2154 | D:3      | Found a glowing golden altar of the Shining One.
  2173 | D:3      | Became a worshipper of the Shining One
  2204 | D:3      | Reached skill level 9 in Polearms
  2350 | D:4      | Found a bloodstained altar of Trog.
  2421 | D:4      | Noticed Acur's ghost (amateur OpFi)
  2448 | D:4      | Killed Acur's ghost
  2448 | D:4      | Reached skill level 10 in Polearms
  2448 | D:4      | Reached XP level 7. HP: 52/52 MP: 7/7
  2514 | D:4      | HP: 2/52 [phantom (6)]
  2515 | D:4      | Slain by an orc wizard

Action                   |  1- 3 |  4- 6 |  7- 9 || total
-------------------------+-------+-------+-------++-------
Melee: Trident           |    88 |   225 |    29 ||   342
  Use: Potion            |       |       |     1 ||     1
  Eat: Chunk             |       |     5 |       ||     5
